 Dungeon Crawl Stone Soup version 0.28-a0-1002-gf00fe891ef (webtiles) character file.

Game seed: 8456518332093834331

147 ders the Digger (level 5, 0/28 HPs)
             Began as a Gargoyle Earth Elementalist on Dec 6, 2021.
             Splashed by a jelly's acid (10 damage)
             ... on level 4 of the Dungeon.
             The game lasted 00:03:55 (3276 turns).

ders the Digger (Gargoyle Earth Elementalist)       Turns: 3276, Time: 00:03:55

Health: 0/28       AC:  6    Str: 12    XL:     5   Next: 29%
Magic:  1/9        EV: 11    Int: 17    God:
Gold:   211        SH:  0    Dex: 10    Spells: 2/10 levels left

rFire   . . .      SeeInvis .   o - +1 dagger (venom)
rCold   . . .      Faith    .   (no shield)
rNeg    + . .      Spirit   .   b - +0 robe
rPois   ∞          Reflect  .   (no helmet)
rElec   +          Harm     .   (no cloak)
rCorr   .          Rampage  .   (no gloves)
Will    .....                   (no boots)
Stlth   ++........              (no amulet)
HPRegen 0.09/turn               (no ring)
MPRegen 0.11/turn               (no ring)

@: no status effects
A: sickness immunity, AC +4, negative energy resistance 1, electricity
resistance, torment resistance 1, petrification resistance
a: no special abilities


You were on level 4 of the Dungeon.
You visited 1 branch of the dungeon, and saw 4 of its levels.

You collected 211 gold pieces.

Inventory:

Hand Weapons
 o - a +1 dagger of venom (weapon)
Armour
 b - a +0 robe (worn)
Scrolls
 a - a scroll of teleportation {unknown}
 c - a scroll of identify {unknown}
 f - a scroll of fog {unknown}
 h - a scroll of noise {unknown}
 j - 3 scrolls of immolation {unknown}
 k - a scroll of summoning {unknown}
 l - a scroll of brand weapon {unknown}
 n - 4 scrolls of enchant weapon {unknown}
Potions
 d - a potion of haste {unknown}
 e - a potion of lignification {unknown}
 g - a potion of attraction {unknown}
 i - a potion of curing {unknown}
 m - a potion of degeneration {unknown}


   Skills:
 - Level 1.5 Dodging
 - Level 2.1 Stealth
 + Level 3.2 Spellcasting
 + Level 2.9 Conjurations
 - Level 0.7 Transmutations
 + Level 5.0 Earth Magic


You had 2 spell levels left.
You knew the following spells:

 Your Spells              Type           Power      Damage    Failure   Level
a - Sandblast             Erth           38%        2d10      2%          1
b - Stone Arrow           Conj/Erth      32%        3d9       10%         3
c - Petrify               Tmut/Erth      12%        N/A       45%         4

Your spell library contained the following spells:

 Spells                   Type           Power      Damage    Failure   Level
 Passwall                 Tmut/Erth      10%        N/A       8%          2
 Inner Flame              Hex/Fire       2%         N/A       45%         3
 Cause Fear               Hex            1%         N/A       86%         4
 Discord                  Hex            1%         N/A       100%        8


Dungeon Overview and Level Annotations

Branches:
Dungeon (4/15)
 Temple: D:4-7

Altars:

Shops:
D:1 (   D:2 (   D:3 (   D:4 :


Innate Abilities, Weirdness & Mutations

You are immune to sickness and miasma.
Your stone body is resilient. (AC +4)
You are immune to poison.
You resist negative energy. (rN+)
You are resistant to electric shocks. (rElec)
You are resistant to unholy torment.
You are immune to petrification.


Message History

The stone arrow misses the phantom.
Unknown command.
Casting: Stone Arrow (quite dangerous; 10% risk of failure)
Confirm with . or Enter, or press ? or * to list all spells.
Aiming: Stone Arrow (quite dangerous; 10% risk of failure)
Press: ? - help, Shift-Dir - straight line, f/p - phantom
Aim: a phantom (56% to hit)
The stone arrow hits the phantom!
The phantom is heavily damaged.
Unknown command.
Casting: Stone Arrow (quite dangerous; 10% risk of failure)
Confirm with . or Enter, or press ? or * to list all spells.
You don't have enough magic to cast this spell.
A jelly comes into view.
Found a stone staircase leading down.
The phantom hits you.
The phantom blinks!
You blink.
The jelly moves out of view.
You hit the phantom.
The phantom is heavily damaged.
The phantom hits you.
You barely miss the phantom.
The phantom is heavily damaged.
The phantom barely misses you.
You closely miss the phantom.
The phantom is heavily damaged.
The phantom hits you.
The phantom blinks!
You blink.
You hit the phantom.
The phantom is severely damaged.
The phantom closely misses you.
You closely miss the phantom.
The phantom is severely damaged.
The phantom hits you.
The phantom blinks!
You blink.
You completely miss the phantom.
The phantom is severely damaged.
The phantom hits you but does no damage.
You barely miss the phantom.
The phantom is severely damaged.
The phantom hits you but does no damage.
The phantom hits you.
The phantom blinks!
You blink.
The jelly hits you.
You are splashed with acid!
You die...

....... .. .# #... #... .O
..#..... ... ##.. # #.. .###.#
..... #..###.. .. #.# #..#..#
#.... #.......
.#.#<###.....###... ...#.......
#...Z........##... ...#.##....
.....O.......##..#######....##<..
#.................#.........#....
.#..............@..#.....#..#.###
............../WJ........##.....>
##........##...##........#.......
$........####..##.............#..
..........#.#...#.#..........####
......#...........#.......#...# #
....###...............###.#.§..#
#...###.......#...# ........ ...
#......###..#J...##..†


You could see a phantom and a jelly.

Vanquished Creatures
  3 gnolls (D:3)
  4 adders
  A worm (D:2)
  5 dart slugs
  An orc (D:3)
  7 bats
  5 endoplasms
  5 giant cockroaches
  5 goblins
  3 hobgoblins
  2 jackals (D:3)
  3 quokkas (D:2)
  7 ball pythons
  2 frilled lizards (D:2)
  6 kobolds
  4 rats
63 creatures vanquished.

Notes
Turn   | Place    | Note
-------+----------+-------------------------------------------
     0 | D:1      | ders the Gargoyle Earth Elementalist began the quest for
                  | the Orb.
     0 | D:1      | Reached XP level 1. HP: 10/10 MP: 3/3
   188 | D:1      | Reached XP level 2. HP: 15/15 MP: 3/5
   227 | D:1      | Reached skill level 1 in Conjurations
   363 | D:1      | Reached skill level 4 in Earth Magic
   552 | D:1      | Found Fyotan's Antique Weapon Shop.
   912 | D:2      | Reached XP level 3. HP: 17/19 MP: 3/6
   984 | D:2      | Found Ynun's Weapon Shoppe.
  1345 | D:2      | Found a faded altar of an unknown god.
  1401 | D:2      | Reached XP level 4. HP: 21/24 MP: 5/8
  2072 | D:3      | Found Oduej's Antique Weapon Shoppe.
  2532 | D:3      | Reached XP level 5. HP: 18/28 MP: 1/9
  3026 | D:4      | Found Peylem's Book Emporium.
  3031 | D:4      | Noticed an ogre
  3092 | D:3      | Learned a level 3 spell: Stone Arrow
  3097 | D:3      | Learned a level 4 spell: Petrify
  3259 | D:4      | Noticed a phantom
  3261 | D:4      | Reached skill level 5 in Earth Magic
  3276 | D:4      | Splashed by a jelly's acid

Illustrated notes

Levels and vault maps discovered:
D:1:      evilmike_arrival_crescent, layout_basic, serial_shops, shop
D:2:      layout_basic, serial_shops, shop, ebering_ecumenical_altar_webs,
          serial_park_tiny_2
D:3:      layout_basic, serial_shops, shop, serial_curves, eino_curves_04,
          eino_curves_02, eino_curves_04, eino_curves_02
D:4:      cheibrodos_pilgrimage, layout_cave_pools, chequers_ossuary_entry_cave,
          serial_shops, nicolae_shop_advertising_works
          [nicolae_subvault_shop_adworks]

Skill      XL: |  1  2  3  4  5 |
---------------+----------------+-----
Conjurations   | 1 2 |  2.9
Earth Magic    | 4 5 |  5.0
Spellcasting   | 3 |  3.2
Dodging        | |  1.5
Stealth        | |  2.1
Transmutations | |  0.7

Action                   |  1- 3 |  4- 6 || total
-------------------------+-------+-------++-------
Melee: Unarmed           |     2 |       ||     2
       Dagger            |     5 |    20 ||    25
 Cast: Sandblast         |    44 |    38 ||    82
       Stone Arrow       |       |     5 ||     5
 Stab: Sleeping          |       |     1 ||     1
Armor: Robe              |    16 |    13 ||    29
Dodge: Dodged            |    23 |    32 ||    55

Table legend: (Time is in decaauts)
 A = Elapsed time spent in this place.
 B = Non-inter-level travel time spent in this place.
 C = Inter-level travel time spent in this place.
 D = Time resting spent in this place.
 E = Time spent auto-exploring this place.
 F = Levels seen in this place.
 G = Mean time per level.
                   A        B        C        D        E       F      G
               +--------+--------+--------+--------+--------+-----+--------+
         Total |   3276 |   3136 |    140 |    301 |   2471 |   4 |  819.0 |
       Dungeon |   3276 |   3136 |    140 |    301 |   2471 |   4 |  819.0 |
               +--------+--------+--------+--------+--------+-----+--------+

Top non-repeatable levels by time:
     D:3: 1376 daAuts
     D:1: 909 daAuts
     D:2: 857 daAuts
     D:4: 132 daAuts
